3269 views
Uploaded 2020-08-17 12:31:50
Game version 1.32.8
15:55 long 1on1 custom game on (2)NorthernIsles
Game name "emo1"
Saved by RichApM
3269 views
Uploaded 2020-08-17 12:31:50
Game version 1.32.8
15:55 long 1on1 custom game on (2)NorthernIsles
Game name "emo1"

39 units @ 5.3k
/ 0.5k
17 buildings @ 2.8k
/ 1.1k


| Rod of Necromancy | 2 | 300 |
| Sacrificial Skull | 1 | 50 |
| Ritual Dagger | 1 | 125 |
| Potion of Mana | 1 | 200 |
| Orb of Corruption | 1 | 375 |
| Dust of Appearance | 1 | 75 |
| Scroll of Town Portal | 1 | 350 |
| Potion of Lesser Invulnerability | 1 | 150 |
| total: | 9 | 1625g |
| Acolyte | 10 | 750 | / | 0 |
| Ghoul | 14 | 1680 | / | 0 |
| Crypt Fiend | 6 | 1290 | / | 240 |
| Meat Wagon | 3 | 690 | / | 150 |
| Necromancer | 5 | 725 | / | 100 |
| Obsidian Statue | 1 | 200 | / | 35 |
| total: | 39 | 5335g | / | 525w |
| Nerubian Tower | 2 | 200 | / | 40 |
| Spirit Tower | 2 | 290 | / | 80 |
| Crypt | 3 | 600 | / | 150 |
| Altar of Darkness | 1 | 180 | / | 50 |
| Ziggurat | 7 | 1050 | / | 350 |
| Tomb of Relics | 1 | 130 | / | 30 |
| Graveyard | 1 | 215 | / | 0 |
| Temple of the Damned | 3 | 465 | / | 420 |
| Slaughterhouse | 1 | 140 | / | 135 |
| Halls of the Dead | 1 | 320 | / | 210 |
| Black Citadel | 1 | 325 | / | 230 |
| total: | 17 | 2780g | / | 1135w |
| 0:03 | Acolyte |
| 0:06 | Crypt |
| 0:08 | Crypt |
| 0:10 | Altar of Darkness |
| 0:24 | Ziggurat |
| 0:33 | Acolyte |
| 0:50 | Acolyte |
| 1:07 | Tomb of Relics |
| 1:10 | Ghoul |
| 1:21 | Ghoul |
| 1:35 | Ghoul |
| 1:44 | Ziggurat |
| 1:49 | Ghoul |
| 2:12 | Carrion Beetles |
| 2:21 | Acolyte |
| 2:34 | Rod of Necromancy |
| 2:34 | Sacrificial Skull |
| 2:43 | Ghoul |
| 2:57 | Ziggurat |
| 3:05 | Ghoul |
| 3:26 | Impale |
| 3:35 | Ghoul |
| 3:50 | Ghoul |
| 3:51 | Acolyte |
| 3:56 | Nerubian Tower |
| 4:58 | Ghoul |
| 4:58 | Ghoul |
| 4:59 | Acolyte |
| 4:59 | Acolyte |
| 5:02 | Crypt |
| 5:27 | Nerubian Tower |
| 5:39 | Ghoul |
| 5:41 | Halls of the Dead |
| 6:09 | Ghoul |
| 6:11 | Graveyard |
| 6:13 | Ziggurat |
| 6:33 | Ghoul |
| 7:11 | Ghoul |
| 7:37 | Crypt Fiend |
| 7:46 | Spirit Tower |
| 7:48 | Spirit Tower |
| 8:04 | Acolyte |
| 8:04 | Acolyte |
| 8:06 | Temple of the Damned |
| 8:07 | Slaughterhouse |
| 8:39 | Dust of Appearance |
| 8:40 | Rod of Necromancy |
| 8:40 | Ritual Dagger |
| 8:50 | Temple of the Damned |
| 8:51 | Temple of the Damned |
| 8:55 | Carrion Beetles |
| 9:05 | Ziggurat |
| 9:13 | Black Citadel |
| 9:15 | Scroll of Town Portal |
| 9:30 | Ziggurat |
| 9:32 | Ziggurat |
| 9:42 | Meat Wagon |
| 10:00 | Potion of Lesser Invulnerability |
| 10:12 | Impale |
| 10:17 | Skeletal Mastery |
| 10:17 | Necromancer Adept Training |
| 10:19 | Unholy Strength |
| 10:37 | Web |
| 10:51 | Necromancer |
| 10:52 | Obsidian Statue |
| 11:13 | Necromancer |
| 11:27 | Crypt Fiend |
| 11:35 | Acolyte |
| 11:45 | Exhume Corpses |
| 11:53 | Potion of Mana |
| 12:39 | Crypt Fiend |
| 12:41 | Necromancer |
| 13:16 | Crypt Fiend |
| 13:29 | Carrion Beetles |
| 13:36 | Orb of Corruption |
| 14:16 | Meat Wagon |
| 14:17 | Necromancer |
| 14:43 | Crypt Fiend |
| 14:49 | Frost Nova |
| 15:18 | Necromancer |
| 15:19 | Crypt Fiend |
| 15:38 | Dark Ritual |
| 15:50 | Locust Swarm |
| 15:52 | Frost Nova |
| 15:53 | Meat Wagon |
| Right click | 1065 |
| Select group | 561 |
| Select | 341 |
| Misc. action | 105 |
| Build/train/purchase | 97 |
| Assign group | 90 |
| Use ability | 15 |
| Chat | 7 |
| Item give/drop | 2 |
| Remove unit | 1 |
| Esc | 1 |
38 units @ 4.7k
/ 0.3k
17 buildings @ 2.8k
/ 1k



| Rod of Necromancy | 1 | 150 |
| Sacrificial Skull | 1 | 50 |
| Ritual Dagger | 1 | 125 |
| Potion of Mana | 3 | 600 |
| Orb of Corruption | 1 | 375 |
| Boots of Speed | 1 | 250 |
| total: | 8 | 1550g |
| Acolyte | 11 | 825 | / | 0 |
| Ghoul | 17 | 2040 | / | 0 |
| Gargoyle | 8 | 1400 | / | 240 |
| Obsidian Statue | 2 | 400 | / | 70 |
| total: | 38 | 4665g | / | 310w |
| Nerubian Tower | 3 | 300 | / | 60 |
| Spirit Tower | 1 | 145 | / | 40 |
| Crypt | 3 | 600 | / | 150 |
| Altar of Darkness | 1 | 180 | / | 50 |
| Ziggurat | 6 | 900 | / | 300 |
| Tomb of Relics | 2 | 260 | / | 60 |
| Necropolis | 1 | 225 | / | 0 |
| Graveyard | 1 | 215 | / | 0 |
| Slaughterhouse | 3 | 420 | / | 405 |
| Halls of the Dead | 1 | 320 | / | 210 |
| Black Citadel | 1 | 325 | / | 230 |
| total: | 17 | 2800g | / | 965w |
| 0:02 | Acolyte |
| 0:07 | Crypt |
| 0:10 | Altar of Darkness |
| 0:23 | Ziggurat |
| 0:32 | Acolyte |
| 0:42 | Acolyte |
| 1:05 | Tomb of Relics |
| 1:08 | Ghoul |
| 1:24 | Ziggurat |
| 1:35 | Ghoul |
| 1:35 | Ghoul |
| 1:35 | Ghoul |
| 1:48 | Ghoul |
| 2:07 | Ghoul |
| 2:12 | Rod of Necromancy |
| 2:12 | Sacrificial Skull |
| 2:17 | Carrion Beetles |
| 2:28 | Ghoul |
| 2:34 | Acolyte |
| 2:51 | Ghoul |
| 2:54 | Ghoul |
| 3:15 | Nerubian Tower |
| 3:27 | Ziggurat |
| 3:30 | Ghoul |
| 3:41 | Impale |
| 3:56 | Ghoul |
| 4:23 | Nerubian Tower |
| 4:29 | Acolyte |
| 4:34 | Ghoul |
| 5:14 | Boots of Speed |
| 5:26 | Acolyte |
| 5:28 | Ghoul |
| 5:37 | Backpack |
| 5:57 | Ghoul |
| 6:02 | Acolyte |
| 6:18 | Carrion Beetles |
| 6:25 | Acolyte |
| 6:27 | Necropolis |
| 6:28 | Ghoul |
| 6:43 | Acolyte |
| 6:52 | Ritual Dagger |
| 7:16 | Halls of the Dead |
| 7:16 | Ghoul |
| 7:23 | Ziggurat |
| 7:25 | Graveyard |
| 7:35 | Ghoul |
| 8:10 | Acolyte |
| 8:10 | Acolyte |
| 8:12 | Crypt |
| 8:50 | Ziggurat |
| 8:54 | Tomb of Relics |
| 8:55 | Crypt |
| 9:03 | Nerubian Tower |
| 9:36 | Black Citadel |
| 9:37 | Gargoyle |
| 9:40 | Creature Attack |
| 9:53 | Spirit Tower |
| 10:00 | Gargoyle |
| 10:15 | Slaughterhouse |
| 10:18 | Slaughterhouse |
| 10:21 | Gargoyle |
| 10:27 | Potion of Mana |
| 10:28 | Potion of Mana |
| 10:50 | Gargoyle |
| 11:28 | Impale |
| 11:33 | Improved Creature Attack |
| 11:45 | Obsidian Statue |
| 11:49 | Potion of Mana |
| 12:15 | Gargoyle |
| 12:18 | Unholy Aura |
| 12:36 | Gargoyle |
| 13:10 | Ziggurat |
| 13:11 | Advanced Creature Attack |
| 13:15 | Destroyer Form |
| 13:39 | Sleep |
| 13:44 | Orb of Corruption |
| 14:05 | Obsidian Statue |
| 14:21 | Gargoyle |
| 14:38 | Slaughterhouse |
| 15:16 | Carrion Swarm |
| 15:19 | Death Coil |
| 15:22 | Gargoyle |
| 15:28 | Carrion Beetles |
| Right click | 1683 |
| Select group | 1616 |
| Select | 634 |
| Misc. action | 316 |
| Build/train/purchase | 135 |
| Assign group | 115 |
| Use ability | 37 |
| Chat | 11 |
| Item give/drop | 3 |